 Dungeon Crawl Stone Soup version 0.31-a0-675-g238779eb0a (webtiles) character file.

Game seed: 13606836818847981334

9 Xavori the Trooper (level 2, 0/21 HPs)
             Began as an Octopode Chaos Knight on Sept 6, 2023.
             Was a Plaything of Xom.
             Succumbed to a kobold's poison
             ... on level 1 of the Dungeon.
             The game lasted 00:00:09 (229 turns).

Xavori the Trooper (Octopode Chaos Knight)           Turns: 229, Time: 00:00:09

Health: 0/21       AC:  1    Str: 11    XL:     2   Next: 12%
Magic:  2/2        EV: 13    Int: 14    God:    Xom [..*...]
Gold:   27         SH:  0    Dex: 11    Spells: 1/1 levels left

rFire   . . .        a - +0 short sword (chaos)
rCold   . . .        (no shield)
rNeg    . . .        (helmet restricted)
rPois   .            (no amulet)
rElec   .            (no ring)
rCorr   .            (no ring)
SInv    .            (no ring)
Will    .....        (no ring)
Stlth   ++           (no ring)
HPRegen 0.23/turn    (no ring)
MPRegen 0.08/turn    (no ring)
                     (no ring)

%: no passive effects
@: lethally poisoned (0 -> -13)
A: almost no armour, amphibious, 8 rings, camouflage 1, gelatinous body 1,
(nimble swimmer 1), tentacles
a: Renounce Religion


You were on level 1 of the Dungeon.
You worshipped Xom.
You were a toy of Xom.
You visited 1 branch of the dungeon, and saw 1 of its levels.

You collected 27 gold pieces.

Inventory:

Hand Weapons
 a - a +0 short sword of chaos (weapon)
Scrolls
 b - a scroll of butterflies
 c - 3 scrolls of identify {unknown}
Potions
 d - a potion of heal wounds {unknown}
 e - 2 potions of invisibility {unknown}


   Skills:
 + Level 3.3 Fighting
 + Level 3.1 Short Blades
 + Level 2.5 Dodging
 + Level 0.2 Stealth


You had one spell level left.
You didn't know any spells.
Your spell library was empty.

Dungeon Overview and Level Annotations

Branches:
Dungeon (1/15)

Altars:


Innate Abilities, Weirdness & Mutations

You cannot wear most types of armour.
You are amphibious.
You can wear up to eight rings at the same time.
Your skin changes colour to match your surroundings (Stealth+).
Your rubbery body absorbs attacks. (AC +1, EV +1)
((You are camouflaged when in or above water. (Stealth+)))
You have tentacles for arms and can constrict up to eight enemies at once.


Message History

You see here a frilled lizard corpse.
Things that are here:
a +0 whip; a stone A kobold comes into view.
It is wielding a +0 whip of venom.
A kobold is nearby!
The kobold shouts!
There are monsters nearby!
There are monsters nearby!
There are monsters nearby!
There are monsters nearby!
The kobold hits you with a +0 dagger.
There are monsters nearby!
You closely miss the kobold.
The kobold shouts!
You grab the kobold. You squeeze the kobold.
You kill the kobold!
A kobold is nearby!
The kobold hits you with a +0 whip of venom.
A kobold is nearby!
You hit the kobold but do no damage. Your grab misses the kobold.
The kobold hits you with a +0 whip of venom.
A shower of butterflies erupts from you!
You are lethally poisoned!
You are too injured to fight recklessly!
There is a lethal amount of poison in your body!
You are too injured to fight recklessly!
There is a lethal amount of poison in your body!
You are too injured to fight recklessly!
There is a lethal amount of poison in your body!
You are too injured to fight recklessly!
You barely miss the kobold. Your grab misses the kobold.
* * * LOW HITPOINT WARNING * * *
You feel very sick.
The kobold hits you with a +0 whip of venom.
* * * LOW HITPOINT WARNING * * *
You barely miss the kobold. You grab the kobold.
You squeeze the kobold, but do no damage.
You constrict the kobold.
You die...
Xom chortles!

# # #######.# #. #.. ...
#.##.##.#### #.#.K........#
#....@.b..# .....#.)bb.##
####.b.#.#.# .......(..######
####..#.#.##...# ♣♣♣♣♣
#......##.#.# ###### #...♣♣♣
#.##.#.##.#.###.....
......♣♣♣♣#######......)......###
..................#.##.#.###.##


You could see a kobold (ally target).

Vanquished Creatures
  An endoplasm (D:1)
  A hobgoblin (D:1)
  2 quokkas (D:1)
  A ball python (D:1)
  2 frilled lizards (D:1)
  2 kobolds (D:1)
9 creatures vanquished.

Notes
Turn   | Place    | Note
-------+----------+-------------------------------------------
     0 | D:1      | Xavori the Octopode Chaos Knight began the quest for the
                  | Orb.
     0 | D:1      | Reached XP level 1. HP: 16/16 MP: 1/1
   149 | D:1      | Reached XP level 2. HP: 18/21 MP: 2/2
   227 | D:1      | XOM: butterfly on damage
   229 | D:1      | Succumbed to a kobold's poison

Illustrated notes

Levels and vault maps discovered:
D:1:      sevenhm_arrival_forest_fort_large_4, layout_loops_ring,
          minmay_box_of_dots

Action                     || total
---------------------------++-------
  Melee: Short sword       ||    18
         Constrict         ||     5
         Tentacles         ||     3
         Punch             ||     1
   Stab: Sleeping          ||     3
 Armour: Skin              ||     8
  Dodge: Dodged            ||     4

Table legend: (Time is in decaauts)
 A = Elapsed time spent in this place.
 B = Non-inter-level travel time spent in this place.
 C = Inter-level travel time spent in this place.
 D = Time resting spent in this place.
 E = Time spent auto-exploring this place.
 F = Levels seen in this place.
 G = Mean time per level.
                   A        B        C        D        E       F      G
               +--------+--------+--------+--------+--------+-----+--------+
         Total |    226 |    226 |      0 |      0 |    176 |   1 |  226.0 |
       Dungeon |    226 |    226 |      0 |      0 |    176 |   1 |  226.0 |
               +--------+--------+--------+--------+--------+-----+--------+

Top non-repeatable levels by time:
     D:1: 226 daAuts
